 Dungeon Crawl Stone Soup version 0.30.1 (webtiles) character file.

Game seed: 13139393693018617452

3075 Fodor the Basher (level 9, -5/79 HPs)
             Began as a Minotaur Fighter on July 8, 2023.
             Was an Initiate of Gozag.
             Killed from afar by Erica (26 damage)
             ... with a bolt of poison
             ... on level 8 of the Dungeon.
             The game lasted 00:33:22 (6705 turns).

Fodor the Basher (Minotaur Fighter)                 Turns: 6705, Time: 00:33:28

Health: -5/79      AC: 14    Str: 22    XL:     9   Next: 58%
Magic:  8/8        EV:  9    Int:  7    God:    Gozag
Gold:   912        SH: 10    Dex: 11    Spells: 8/8 levels left

rFire   . . .        u - +9 flail "Matsukhlu" {heavy, rCorr}
rCold   . . .        c - +0 buckler
rNeg    . . .        w - +3 chain mail
rPois   .            (helmet restricted)
rElec   .            (no cloak)
rCorr   +            (no gloves)
SInv    .            (no boots)
Will    .....        x - amulet of reflection Stlth
                     B - ring of flight
HPRegen 0.33/turn    (no ring)
MPRegen 0.11/turn

%: reflection
@: lethally poisoned (-5 -> -24), gold aura, flying, slowed, very slow
A: horns 2, retaliatory headbutt
a: Renounce Religion, Potion Petition, Call Merchant, Bribe Branch


You were on level 8 of the Dungeon.
You worshipped Gozag.
Gozag was pleased with you.
You visited 1 branch of the dungeon, and saw 8 of its levels.
You also visited: Bailey.

You collected 980 gold pieces.
You paid 68 gold pieces to Gozag.

Inventory:

Hand Weapons
 u - the +9 flail "Matsukhlu" (weapon) {heavy, rCorr}
   (You found it on level 3 of the Dungeon)

   rCorr:     It protects you from acid and corrosion.
 v - a +4 short sword
 A - a +0 war axe of distortion
Missiles
 b - 5 poisoned darts
 D - 8 boomerangs of dispersal (quivered)
 H - 3 atropa-tipped darts
 I - a curare-tipped dart
Armour
 c - a +0 buckler (worn)
 w - a +3 chain mail (worn)
Jewellery
 x - an amulet of reflection (around neck)
 B - a ring of flight (left hand)
Wands
 p - a wand of flame (26)
 J - a wand of charming (10)
Scrolls
 a - a scroll of vulnerability
 g - 5 scrolls of teleportation
 h - 10 scrolls of enchant weapon
 k - a scroll of silence
 l - 2 scrolls of immolation
 n - a scroll of amnesia
 t - a scroll of blinking
 y - a scroll of fear
 C - a scroll of fog {unknown}
 F - a scroll of torment
 L - 3 scrolls of summoning
Potions
 d - 2 potions of might
 e - 2 potions of resistance {unknown}
 f - 6 potions of heal wounds
 j - 3 potions of magic {unknown}
 o - 5 potions of haste {unknown}
 q - 2 potions of flight {unknown}
 r - 4 potions of curing {unknown}
 z - 4 potions of degeneration {unknown}
 E - 3 potions of mutation {unknown}
 G - a potion of ambrosia {unknown}
 K - a potion of experience {unknown}


   Skills:
 + Level 7.3 Fighting
 + Level 4.7 Long Blades
 + Level 8.9 Maces & Flails
 + Level 1.5 Throwing
 + Level 8.8 Armour
 + Level 3.1 Dodging
 + Level 0.6 Stealth
 + Level 7.0 Shields


You had 8 spell levels left.
You didn't know any spells.
Your spell library contained the following spells:

 Spells                   Type           Power      Damage    Failure   Level
 Call Canine Familiar     Summ           0%         N/A       100%        3
 Gell's Gravitas          Tloc           0%         N/A       100%        3
 Portal Projectile        Hex/Tloc       0%         N/A       100%        3
 Teleport Other           Tloc           0%         N/A       100%        3
 Tukima's Dance           Hex            0%         N/A       100%        3
 Leda's Liquefaction      Hex/Erth       0%         N/A       100%        4
 Blade Hands              Tmut           0%         N/A       100%        5
 Dispersal                Tloc           0%         N/A       100%        6


Dungeon Overview and Level Annotations

Branches:
Dungeon (8/15)             Temple (0/1) D:5          Bailey (visited)
   Lair: D:8-11

Altars:
Dithmenos
Elyvilon
Gozag
Kikubaaqudgha
Makhleb
Trog
Vehumet
Wu Jian
Zin

Shops:
D:3 :

Annotations:
D:7 2 transporters, GimliDwarf's ghost, novice GnWn
D:8 Erica


Innate Abilities, Weirdness & Mutations

You have a pair of horns on your head.
You reflexively headbutt those who attack you in melee.


Message History

The lance of force hits Erica!!
You block the orc's attack.
You thump the orc wizard!
You kill the orc wizard!
You block the orc's attack. Erica casts a spell at you.
The bolt of poison hits you!
You are poisoned.
The orc hits you but does no damage.
You closely miss Erica.
Erica is severely wounded.
You feel extremely sick.
Erica points at you and mumbles some strange words.
You feel as though you will be slow longer.
The orc closely misses you. Erica closely misses you.
The orc hits you but does no damage.
You closely miss Erica. Your headbutt misses Erica.
Erica is severely wounded.
You feel very sick.
Erica gestures wildly while chanting.
Erica flickers and vanishes!
Deactivating autopickup; reactivate with Ctrl-A.
The orc hits you but does no damage. Something hits you. Something burns you.
The orc hits you but does no damage.
You closely miss something.
You feel very sick. Something hits you. Something burns you.
The orc barely misses you. Something hits you. Something burns you.
You block the orc's attack.
You miss something.
You feel very sick. Something hits you.
* * * LOW HITPOINT WARNING * * *
Something burns you.
* * * LOW HITPOINT WARNING * * *
You block the orc's attack.
You hear some strange, mumbled words.
A bolt of poison appears from out of thin air!
The bolt of poison hits you!!
You are more poisoned.
You die...
Your body crumbles into a pile of gold.

### #### ...
..# ##
#.##.# ..
#.#.###.###
#..{$$...#
##@#........
##o.#.#.#..
.#.#.....
.##.# .## #
.# #.# .# .#
#.> . ## ###
##


You could see an orc.

Vanquished Creatures
  Pikel (D:6)
  A gargoyle (D:7)
  5 orc warriors (Bailey)
  3 black bears
  An ogre (D:7)
  A sky beast (D:7)
  2 kobold brigands
  3 bullfrogs
  3 scorpions
  8 wights
  A howler monkey (D:7)
  2 hounds (D:7)
  Crazy Yiuf (D:6)
  4 iguanas
  3 orc wizards
  7 adders
  A white imp (D:5)
  2 ufetubi
  3 dart slugs
  23 orcs
  8 ball pythons
  2 endoplasms (D:1)
  10 goblins
  4 hobgoblins
  7 jackals
  8 bats
  A frilled lizard (D:3)
  17 kobolds
  4 rats
136 creatures vanquished.

Vanquished Creatures (others)
  A goblin (D:4)
1 creature vanquished.

Grand Total: 137 creatures vanquished

Notes
Turn   | Place    | Note
-------+----------+-------------------------------------------
     0 | D:1      | Fodor the Minotaur Fighter began the quest for the Orb.
     0 | D:1      | Reached XP level 1. HP: 19/19 MP: 0/0
   342 | D:1      | Reached XP level 2. HP: 22/27 MP: 1/1
  1232 | D:2      | Reached XP level 3. HP: 30/33 MP: 2/2
  1692 | D:3      | Noticed a black bear
  1717 | D:2      | Killed a black bear
  1718 | D:2      | Reached skill level 1 in Dodging
  1718 | D:2      | Reached XP level 4. HP: 30/41 MP: 3/3
  1726 | D:3      | Reached skill level 5 in Armour
  1726 | D:3      | Reached XP level 5. HP: 36/47 MP: 4/4
  1773 | D:3      | Found an ornate altar of the Wu Jian Council.
  1901 | D:3      | Found Cev Sys's Book Shoppe.
  2048 | D:3      | Found a burning altar of Makhleb.
  2056 | D:3      | Found an ancient bone altar of Kikubaaqudgha.
  2375 | D:3      | Identified the +9 flail "Matsukhlu" {heavy, rCorr}
  2531 | D:4      | Noticed a black bear
  2531 | D:4      | Found a radiant altar of Vehumet.
  2534 | D:4      | Killed a black bear
  2535 | D:4      | Reached XP level 6. HP: 53/53 MP: 5/5
  3041 | D:4      | Reached skill level 1 in Maces & Flails
  3351 | D:5      | Entered Level 5 of the Dungeon
  3496 | D:5      | Found an opulent altar of Gozag.
  3539 | D:5      | Became a worshipper of Gozag Ym Sagoz the Greedy
  3656 | D:5      | Found a shadowy altar of Dithmenos.
  3722 | D:5      | Found a staircase to the Ecumenical Temple.
  3812 | D:5      | You fall into a shaft and drop 1 floor!
  3836 | D:6      | Reached skill level 5 in Fighting
  4139 | D:5      | Found a glowing silver altar of Zin.
  4140 | D:5      | Noticed an angel
  4228 | D:6      | Reached XP level 7. HP: 57/61 MP: 6/6
  4465 | D:6      | Reached skill level 1 in Throwing
  4528 | D:6      | Found a runed translucent door.
  4529 | D:6      | Noticed Crazy Yiuf
  4536 | D:6      | Killed Crazy Yiuf
  4636 | D:6      | Noticed Pikel
  4645 | D:6      | Killed Pikel
  4646 | D:6      | Reached skill level 5 in Maces & Flails
  4646 | D:6      | Reached skill level 5 in Shields
  4646 | D:6      | Reached XP level 8. HP: 67/70 MP: 7/7
  5066 | D:7      | Reached XP level 9. HP: 60/78 MP: 8/8
  5133 | D:7      | Noticed GimliDwarf's ghost (novice GnWn)
  5133 | D:7      | Noticed a moth of wrath
  5147 | D:7      | Found a transporter.
  5152 | D:7      | Found a bloodstained altar of Trog.
  5163 | D:7      | Found a transporter.
  5238 | D:7      | Found a white marble altar of Elyvilon.
  5590 | D:7      | Found a flagged portal.
  5606 | Bailey   | Entered a bailey
  6556 | D:8      | Noticed Erica
  6569 | D:8      | Noticed a gargoyle
  6580 | D:7      | Killed a gargoyle
  6705 | D:8      | Killed from afar by Erica

Illustrated notes

Levels and vault maps discovered:
D:1:      spicycebolla_arrival_clurvy, layout_loops_ring, minivault_11
D:2:      layout_basic
D:3:      layout_loops_ring, nicolae_wu_jian_wuxing_cycle,
          nicolae_overflow_squiral, serial_shops, shop,
          hangedman_abyss_or_decor_stabs
D:4:      layout_rooms, fiery_altar_vehumet
D:5:      layout_basic, zin_angel, mainiacjoe_overflow_brackets,
          mainiacjoe_overflow_alcove_4, minmay_temple_entry_metal_lava
D:6:      layout_loops_ring, nrook_mini_vaults, minmay_unpleasant_kobolds,
          uniq_crazy_yiuf_cottage, uniq_pikel
D:7:      layout_basic, nicolae_overflow_crystal_walls, enter_bailey_3,
          gammafunk_ghost_wrathful_warriors, minmay_misc_feat_enclosed
D:8:      layout_loops_cross, fedhas_altar_2, lemuel_crystal_altar, st_stairs_2,
          hangedman_decor_clover_reticule, nicolae_blasting_shop,
          small_statue_intersection, minmay_manual_monstrance, uniq_erica

Skill      XL: |  1  2  3  4  5  6  7  8  9 |
---------------+----------------------------+-----
Fighting       | 4 5 6 7 |  7.3
Armour         | 4 5 6 7 8 |  8.8
Shields        | 4 5 7 |  7.0
Long Blades    | 3 4 |  4.7
Dodging        | 1 2 3 |  3.1
Maces & Flails | 2 5 7 8 |  8.9
Throwing       | 1 |  1.5
Stealth        | |  0.6

Action                     |  1- 3 |  4- 6 |  7- 9 || total
---------------------------+-------+-------+-------++-------
  Melee: Long sword        |    89 |    19 |       ||   108
         Headbutt          |    14 |     7 |    17 ||    38
         Flail             |       |    50 |   135 ||   185
  Throw: Stone             |     4 |     1 |     3 ||     8
         Dart              |       |     3 |       ||     3
         Boomerang         |       |       |     6 ||     6
    Use: Potion            |     1 |       |     1 ||     2
         Scroll            |       |       |    12 ||    12
 Armour: Scale mail        |    79 |    18 |       ||    97
         Chain mail        |       |    30 |   101 ||   131
  Dodge: Dodged            |    70 |    35 |    81 ||   186
  Block: Buckler           |    27 |    21 |   132 ||   180
         Reflection        |       |       |     4 ||     4
